 Dungeon Crawl Stone Soup version 0.21.0-3-g78d12a8 (webtiles) character file.

25512 Ignatius881 the Severer (level 12, 0/112 HPs)
             Began as a Minotaur Berserker on Jan 13, 2018.
             Was a High Priest of Trog.
             Slain by a blink frog (5 damage)
             ... on level 4 of the Lair of Beasts on Jan 14, 2018.
             The game lasted 00:32:29 (15596 turns).

Ignatius881 the Severer (Minotaur Berserker)       Turns: 15596, Time: 00:32:30

Health: 0/112      AC: 16    Str: 24    XL:     12   Next: 90%
Magic:  11/11      EV:  2    Int:  8    God:    Trog [*****.]
Gold:   866        SH:  0    Dex: 16    Spells: 11/11 levels left

rFire    . . .     SeeInvis .   O - +4 morningstar
rCold    . . .     Gourm    .   a - +4 shield "Jecluq" {rElec rPois rN+ Int+4}
rNeg     + + +     Faith    .   J - +0 plate armour
rPois    ∞         Spirit   .   (helmet restricted)
rElec    +         Reflect  .   (no cloak)
rCorr    .         Harm     .   M - +0 pair of gloves
MR       .....                  (no boots)
Stlth    ..........             (no amulet)
HPRegen  0.28/turn              n - +3 ring of dexterity
MPRegen  0.12/turn              (no ring)

@: petrified, berserk cooldown
A: retaliatory headbutt, horns 2
a: Berserk, Trog's Hand, Brothers in Arms, Burn Spellbooks, Renounce Religion


You were on level 4 of the Lair of Beasts.
You worshipped Trog.
Trog was extremely pleased with you.
You were not hungry.

You visited 3 branches of the dungeon, and saw 16 of its levels.

You collected 866 gold pieces.

Inventory:

Hand Weapons
 s - a +2 flail
   (You took it off a wight on level 9 of the Dungeon)
 N - a +0 mace of holy wrath
   (You found it on level 8 of the Dungeon)
 O - a +4 morningstar (weapon)
   (You took it off a wight on level 10 of the Dungeon)
 Q - a +3 executioner's axe of flaming
   (Trog gifted it to you on level 9 of the Dungeon)
 X - a +2 falchion of protection
   (Trog gifted it to you on level 2 of the Lair of Beasts)
Armour
 a - the +4 shield "Jecluq" (worn) {rElec rPois rN+ Int+4}
   (You found it on level 3 of the Lair of Beasts)

   It affects your intelligence (+4).
   It insulates you from electricity.
   It protects you from poison.
   It protects you from negative energy.
 b - a +0 animal skin
 c - a +0 pair of boots
   (You found it on level 1 of the Dungeon)
 J - a +0 plate armour (worn)
   (You took it off an orc warrior on level 6 of the Dungeon)
 M - a +0 pair of gloves (worn)
   (You found it on level 7 of the Dungeon)
 R - a +0 shield
   (You found it on level 10 of the Dungeon)
Jewellery
 l - an uncursed ring of protection from magic
   (You found it on level 4 of the Dungeon)
 n - a +3 ring of dexterity (left hand)
   (You found it on level 2 of the Dungeon)
 o - an uncursed ring of protection from fire
   (You found it on level 2 of the Dungeon)
 U - an uncursed ring of protection from magic
   (You took it off an orc on level 11 of the Dungeon)
 V - an uncursed ring of resist corrosion {unknown}
   (You found it on level 1 of the Lair of Beasts)
Wands
 q - a wand of enslavement (11)
   (You found it on level 6 of the Dungeon)
 t - a wand of flame (40)
   (You took it off Natasha on level 2 of the Dungeon)
 u - a wand of paralysis (17)
   (You found it on level 11 of the Dungeon)
 x - a wand of acid (8)
   (You found it on level 4 of the Dungeon)
 G - a wand of clouds (8)
   (You found it on level 7 of the Dungeon)
Scrolls
 d - 2 scrolls of amnesia {unknown}
 f - a scroll of random uselessness {unknown}
 g - 6 scrolls of remove curse {@r2}
 h - 3 scrolls of enchant weapon
 i - 6 scrolls of fear
 j - 5 scrolls of teleportation {@r4}
 m - a scroll of blinking {unknown}
 r - 2 scrolls of magic mapping {unknown}
 v - 2 scrolls of enchant armour {unknown}
 w - a scroll of immolation {unknown}
 y - 4 scrolls of noise {unknown}
 F - 2 scrolls of fog {unknown}
Potions
 k - 3 potions of might
 p - 8 potions of curing {unknown}
 z - a potion of cancellation {unknown}
 A - 4 potions of flight
 B - 4 potions of degeneration {unknown}
 C - 2 potions of heal wounds {@q2}
 D - 2 potions of agility
 E - a potion of ambrosia {unknown}
 K - 2 potions of mutation {unknown}
 L - a potion of lignification {unknown}
 P - 4 potions of haste {unknown}
 S - 2 potions of magic
 W - a potion of resistance {unknown}
Comestibles
 e - 19 rations


   Skills:
 + Level 12.1 Fighting
 * Level 16.0 Axes
 + Level 11.9 Armour
 + Level 11.0 Dodging


You had 11 spell levels left.
You didn't know any spells.

Dungeon Overview and Level Annotations

Branches:
Dungeon (11/15)            Temple (1/1) D:7            Lair (4/6) D:10
 Shoals (0/4) Lair:3          Orc (0/2) D:10
  Snake: Lair:2-4    Spider: Lair:2-4

Altars:
Ashenzari
Cheibriados
Dithmenos
Elyvilon
Fedhas
Gozag
Hepliaklqana
Kikubaaqudgha
Makhleb
Nemelex Xobeh
Okawaru
Qazlal
Ru
Sif Muna
Trog
Uskayaw
Vehumet
Wu Jian
Xom
Yredelemnul
Zin
The Shining One


Innate Abilities, Weirdness & Mutations

You reflexively headbutt those who attack you in melee.
You have a pair of horns on your head.


Message History

The blink frog barely misses you. The blink frog closely misses you.
You furiously retaliate!
You headbutt the blink frog.
The blink frog blinks! x2; The elephant tramples you!
* * * LOW HITPOINT WARNING * * *
You stumble backwards!
Found 15 stones.
Okay, then.
The blink frog blinks! x3; The elephant closely misses you.
You furiously retaliate!
You headbutt the elephant. You block the elephant's attack.
Found 12 gold pieces.
The blink frog blinks!
There is a stone staircase leading up here.
The elephant tramples you but does no damage.
You block the elephant's attack. The blink frog closely misses you.
The blink frog blinks!
You block the elephant's attack.
The elephant trunk-slaps you but does no damage.
The elephant tramples you.
* * * LOW HITPOINT WARNING * * *
You stumble backwards!
You stop ascending the stairs.
The blink frog blinks!
The blink frog blinks! x2
The elephant tramples you but does no damage.
The elephant trunk-slaps you but does no damage.
You feel yourself speed up.
The blink frog blinks!
The blink frog closely misses you. You furiously retaliate!
You headbutt the blink frog! You block the blink frog's attack.
The blink frog hits you but does no damage.
The blink frog blinks!
You see here 12 gold pieces.
The blink frog hits you but does no damage.
The blink frog hits you.
* * * LOW HITPOINT WARNING * * *
The blink frog blinks!
You block the blink frog's attack.
The blink frog blinks!
The basilisk gazes at you.
You are slowing down.
The basilisk gazes at you.
Your limbs have turned to stone.
You have turned to stone.
The blink frog blinks!
The basilisk bites you but does no damage.
The blink frog hits you but does no damage.
The basilisk bites you but does no damage.
The blink frog hits you.
The blink frog blinks!
The basilisk bites you.
* * * LOW HITPOINT WARNING * * *
The blink frog blinks!
The blink frog hits you!
You die...

P........P#....
.......F..#..(......
....................
....................
##........#.......
######<.###..... ##
#...#P...#
.#..###.F.#..F.#
..........#.@.#
.........F##lY#
.........F.#Y#.#
........$.#F.###
.............#
.............#
..........F..#
.............#
............##


You could see 2 elephants, a basilisk and 3 blink frogs.

Vanquished Creatures
  Fannar (Lair:3)
  A hydra (Lair:2)
  A two-headed ogre (D:9)
  An unseen horror (D:8)
  A centaur zombie (D:11)
  2 elephants (Lair:4)
  A manticore (Lair:3)
  A black mamba (Lair:1)
  The ghost of Brandom the Cudgeler, a novice VSCK of Xom (D:6)
  Joseph (D:7)
  A torpor snail (Lair:3)
  4 spiny frogs
  2 rime drakes
  3 komodo dragons
  A harpy zombie (D:11)
  3 trolls
  8 blink frogs (Lair:2)
  A hornet (D:8)
  4 dream sheep (Lair:3)
  8 hippogriffs
  A shadow (D:11)
  2 wraiths (D:10)
  Eustachio (D:6)
  2 wyverns
  17 yaks
  A basilisk (Lair:2)
  Grum (D:8)
  A steam dragon (D:11)
  The ghost of feelmyfire the Insei, an amateur DgTm (D:3)
  A hungry ghost (D:7)
  10 water moccasins
  4 porcupines
  5 orc warriors
  3 ice beasts
  4 black bears
  A necrophage (D:10)
  3 sky beasts
  An eye of draining (D:11)
  7 ogres
  A phantom (D:4)
  5 wolves
  11 centaurs
  8 crocodiles
  A big kobold (D:9)
  Blork the orc (D:6)
  13 bullfrogs
  A wyvern skeleton (D:9)
  3 killer bees (D:7)
  13 wights
  2 electric eels (D:10)
  2 howler monkeys
  6 crimson imps
  A bullfrog zombie (D:11)
  6 orc priests
  4 bullfrog skeletons
  4 centaur skeletons
  6 hounds
  Natasha (thrice) (D:2)
  An iguana (D:4)
  8 orc wizards
  11 worker ants
  A hound skeleton (D:8)
  Robin (D:4)
  7 adders
  4 gnolls (D:6)
  A shadow imp (D:6)
  2 oozes
  An adder zombie (D:10)
  2 adder skeletons
  2 worms
  4 dart slugs
  3 leopard geckos
  31 orcs
  5 bats
  11 giant cockroaches
  8 goblins
  13 hobgoblins
  12 jackals
  6 quokkas
  4 frilled lizards
  17 kobolds
  A leopard gecko skeleton (D:4)
  2 quokka skeletons (D:4)
  2 rats (D:2)
  3 fungi (Lair:3)
  A plant (Lair:1)
367 creatures vanquished.

Vanquished Creatures (others)
  An ogre (D:6)
  An orc (D:6)
  A quokka (D:6)
3 creatures vanquished.

Grand Total: 370 creatures vanquished

Notes
Turn   | Place    | Note
-------+----------+-------------------------------------------
     0 | D:1      | Ignatius881 the Minotaur Berserker began the quest for the Orb.
     0 | D:1      | Reached XP level 1. HP: 19/19 MP: 0/0
   771 | D:1      | Reached XP level 2. HP: 21/27 MP: 1/1
   972 | D:2      | Reached skill level 4 in Axes
  1183 | D:2      | Reached XP level 3. HP: 33/33 MP: 2/2
  1237 | D:2      | Noticed Natasha
  1241 | D:2      | Noticed an air elemental
  1242 | D:2      | Found a stormy altar of Qazlal.
  1244 | D:2      | Killed Natasha
  1390 | D:2      | Noticed Natasha
  1395 | D:2      | Killed Natasha
  1395 | D:2      | Reached ** piety under Trog
  1395 | D:2      | Reached XP level 4. HP: 32/40 MP: 3/3
  1465 | D:2      | Noticed an earth elemental
  1465 | D:2      | Noticed a water elemental
  1465 | D:2      | Noticed a fire elemental
  1474 | D:2      | Noticed Natasha
  1481 | D:2      | Killed Natasha
  1644 | D:2      | Reached skill level 5 in Axes
  2118 | D:3      | Noticed feelmyfire's ghost (amateur DgTm)
  2125 | D:3      | Reached XP level 5. HP: 47/47 MP: 4/4
  2131 | D:3      | Killed feelmyfire's ghost
  2131 | D:3      | Reached XP level 6. HP: 8/55 MP: 5/5
  2851 | D:3      | Reached skill level 6 in Axes
  3257 | D:4      | Reached skill level 5 in Fighting
  3640 | D:4      | Noticed Robin
  3655 | D:4      | Reached *** piety under Trog
  3657 | D:4      | Killed Robin
  3857 | D:4      | Reached XP level 7. HP: 61/61 MP: 6/6
  3865 | D:4      | Reached skill level 7 in Axes
  4021 | D:4      | Found a radiant altar of Vehumet.
  4234 | D:5      | Entered Level 5 of the Dungeon
  4427 | D:5      | Reached skill level 5 in Armour
  5134 | D:6      | Reached skill level 5 in Dodging
  5134 | D:6      | Reached XP level 8. HP: 70/70 MP: 7/7
  5154 | D:6      | Reached skill level 8 in Axes
  5504 | D:6      | Noticed Eustachio
  5510 | D:6      | Killed Eustachio
  5553 | D:6      | Found a shimmering altar of Xom.
  5707 | D:6      | Reached skill level 9 in Axes
  6003 | D:6      | Noticed Blork the orc
  6009 | D:6      | Killed Blork the orc
  6081 | D:6      | Reached XP level 9. HP: 65/79 MP: 8/8
  6351 | D:6      | Reached **** piety under Trog
  6825 | D:6      | Noticed Brandom's ghost (novice VSCK)
  6840 | D:6      | Killed Brandom's ghost
  6840 | D:6      | Reached skill level 10 in Axes
  6916 | D:7      | Noticed Joseph
  6929 | D:7      | Killed Joseph
  7184 | D:7      | Found a staircase to the Ecumenical Temple.
  7199 | Temple   | Entered the Ecumenical Temple
  7439 | D:7      | Reached skill level 11 in Axes
  7575 | D:7      | Found a glowing silver altar of Zin.
  7626 | D:7      | Found a white marble altar of Elyvilon.
  7916 | D:8      | Killed an unseen horror
  7916 | D:8      | Reached XP level 10. HP: 70/90 MP: 9/9
  8182 | D:8      | Noticed Grum
  8192 | D:8      | Killed Grum
  8861 | D:8      | Reached skill level 12 in Axes
  9000 | D:9      | You fall through a shaft!
  9000 | D:10     | Entered Level 10 of the Dungeon
  9425 | D:10     | Found a staircase to the Orcish Mines.
  9552 | D:10     | Reached ***** piety under Trog
  9976 | D:10     | Found a staircase to the Lair.
 10003 | D:10     | Reached XP level 11. HP: 80/99 MP: 10/10
 10222 | D:9      | Found an ancient bone altar of Kikubaaqudgha.
 10338 | D:9      | Reached skill level 13 in Axes
 10368 | D:9      | Noticed a two-headed ogre
 10374 | D:9      | Killed a two-headed ogre
 10452 | D:9      | Reached skill level 10 in Fighting
 10463 | D:9      | Received a gift from Trog
 10756 | D:9      | Found a snail-covered altar of Cheibriados.
 10759 | D:9      | Found an ancient bone altar of Kikubaaqudgha.
 10762 | D:9      | Found a shimmering altar of Xom.
 11265 | D:11     | Reached skill level 10 in Armour
 11895 | D:11     | Reached skill level 14 in Axes
 12083 | Lair:1   | Entered Level 1 of the Lair of Beasts
 12164 | Lair:1   | Received a gift from Trog
 12222 | Lair:1   | Found a hazy altar of Hepliaklqana.
 12460 | Lair:1   | Reached XP level 12. HP: 103/110 MP: 11/11
 12538 | Lair:1   | Reached skill level 10 in Dodging
 13244 | Lair:2   | Noticed an eight-headed hydra
 13249 | Lair:2   | Killed a six-headed hydra
 13249 | Lair:2   | Reached skill level 15 in Axes
 13462 | Lair:2   | Received a gift from Trog
 14265 | Lair:3   | Found a staircase to the Shoals.
 14313 | Lair:3   | Noticed Fannar
 14321 | Lair:3   | Killed Fannar
 15086 | Lair:3   | Got a distressingly furry shield
 15460 | Lair:3   | Identified the +4 shield "Jecluq" {rElec rPois rN+ Int+4} (You found it on level 3 of the Lair of Beasts)
 15540 | Lair:4   | Reached skill level 16 in Axes
 15558 | Lair:4   | HP: 3/112 [elephant (4)]
 15560 | Lair:4   | HP: 1/112 [blink frog (3)]
 15586 | Lair:4   | HP: 4/112 [blink frog (6)]
 15595 | Lair:4   | HP: 4/112 [basilisk (2)]
 15596 | Lair:4   | Slain by a blink frog

Skill      XL: |  1  2  3  4  5  6  7  8  9 10 11 12 |
---------------+-------------------------------------+-----
Axes           | 4 5 6 7 9 11 12 14 16 | 16.0
Fighting       | 4 5 6 7 8 9 11 12 | 12.1
Armour         | 3 4 5 6 8 9 10 11 | 11.9
Dodging        | 3 4 5 6 7 8 9 11 | 11.0

Action                   |  1- 3 |  4- 6 |  7- 9 | 10-12 || total
-------------------------+-------+-------+-------+-------++-------
Melee: Hand axe          |    42 |   113 |   106 |       ||   261
       Headbutt          |    12 |    22 |    60 |   118 ||   212
       Dire flail        |       |       |   141 |    64 ||   205
       Flail             |       |       |       |   198 ||   198
       Executioner's axe |       |       |       |   243 ||   243
       Morningstar       |       |       |       |    18 ||    18
Invok: Berserk           |     2 |     4 |     8 |     8 ||    22
       Trog's Hand       |       |     1 |     4 |     1 ||     6
  Use: Scroll            |       |     6 |     6 |     6 ||    18
       Potion            |       |       |       |     1 ||     1
 Stab: Sleeping          |       |     2 |     1 |       ||     3
       Distracted        |       |       |       |     1 ||     1
  Eat: Chunk             |     2 |     8 |    14 |    27 ||    51
       Ration            |       |     1 |     3 |     2 ||     6
Armor: Animal skin       |     9 |    10 |     9 |       ||    28
       Plate armour      |       |       |    91 |   397 ||   488
Dodge: Dodged            |    20 |    79 |   123 |   384 ||   606
Block: Shield            |       |       |       |    38 ||    38
